EL
MIDLAND ROCKHOUNDS @ JACKSON GENERALS
08/24/2049
 
TOP OF THE 1ST
Midland RockHounds batting - Pitching for Jackson Generals : RHP Francisco Castillo
Pitching: RHP Francisco Castillo
Batting: RHB Chris Bohm 0-0: Ground out 4-3 (Groundball, 4, EV 103.8 MPH)
Batting: LHB Tom Raupp 0-0: Swinging Strike
0-1: Ball
1-1: Foul Ball, location: 2F
1-2: Ball
2-2: DOUBLE (Line Drive, 9LD, EV 109.4 MPH)
Batting: RHB Don Burt 0-0: Foul Ball, location: 2F
0-1: Foul Ball, location: 2F
0-2: Ball
1-2: Ball
2-2: Ground out 6-3 (Groundball, 56, EV 103.1 MPH)
Batting: RHB Sean Gould 0-0: Ball
1-0: Ball
2-0: Ball
3-0: Called Strike
3-1: Base on Balls
Batting: RHB Matt Sherard 0-0: Ball
1-0: Fly out, F8 (Flyball, 8RM, EV 97.5 MPH)
Top of the 1st over - 0 runs, 1 hit, 0 errors, 2 left on base; Midland 0 - Jackson 0
BOTTOM OF THE 1ST
Jackson Generals batting - Pitching for Midland RockHounds : RHP Mike Staus
Pitching: RHP Mike Staus
Batting: LHB Addisu Nyamekye 0-0: Ball
1-0: Foul Ball, location: 2F
1-1: SOLO HOME RUN (Flyball, 9D, EV 97.5 MPH), Distance : 387 ft
Batting: RHB Enrique Valdez 0-0: Ball
1-0: Ball
2-0: Called Strike
2-1: Ball
3-1: Ground out 6-3 (Groundball, 6, EV 91.2 MPH)
Batting: RHB Kinzo Yokoyama 0-0: Foul Ball, location: 2F
0-1: Swinging Strike
0-2: Strikes out swinging
Batting: LHB Jason Kinney 0-0: Ground out 4-3 (Groundball, 4S, EV 70.6 MPH)
Bottom of the 1st over - 1 run, 1 hit, 0 errors, 0 left on base; Midland 0 - Jackson 1
TOP OF THE 2ND
Midland RockHounds batting - Pitching for Jackson Generals : RHP Francisco Castillo
Batting: LHB Alan Bianchard 0-0: Ball
1-0: SOLO HOME RUN (Flyball, 9LD, EV 91.9 MPH), Distance : 338 ft
Batting: LHB Jeremy Brammer 0-0: Ball
1-0: Called Strike
1-1: Foul Ball, location: 2F
1-2: Ground out 4-3 (Groundball, 4, EV 101.9 MPH)
Batting: LHB Robert Wilkins 0-0: Ball
1-0: Called Strike
1-1: Fly out, F8 (Line Drive, 89S, EV 93.8 MPH)
Batting: RHB Larry Clark 0-0: Ball
1-0: Ball
2-0: Ball
3-0: Base on Balls
Batting: RHB Chris Bohm 0-0: Ball
Larry Clark steals 2nd base
1-0: Called Strike
1-1: Ball
2-1: Called Strike
2-2: Fly out, F8 (Line Drive, 8RM, EV 103.8 MPH)
Top of the 2nd over - 1 run, 1 hit, 0 errors, 1 left on base; Midland 1 - Jackson 1
BOTTOM OF THE 2ND
Jackson Generals batting - Pitching for Midland RockHounds : RHP Mike Staus
Batting: RHB Jose Zuniga 0-0: Called Strike
0-1: Foul Ball, location: 2F
0-2: Ball
1-2: Foul Ball, location: 2F
1-2: Strikes out swinging
Batting: RHB Chris Olheiser 0-0: Called Strike
0-1: Ground out 3-1 (Groundball, 34S, EV 91.2 MPH)
Batting: RHB Ryan Criollo 0-0: Ground out 4-3 (Groundball, 4, EV 103.1 MPH)
Bottom of the 2nd over - 0 runs, 0 hits, 0 errors, 0 left on base; Midland 1 - Jackson 1
TOP OF THE 3RD
Midland RockHounds batting - Pitching for Jackson Generals : RHP Francisco Castillo
Batting: LHB Tom Raupp 0-0: Called Strike
0-1: Called Strike
0-2: Strikes out swinging
Batting: RHB Don Burt 0-0: Ball
1-0: Ball
2-0: Swinging Strike
2-1: Swinging Strike
2-2: Ground out 3-1 (Groundball, 34S, EV 79.4 MPH)
Batting: RHB Sean Gould 0-0: Ball
1-0: Ball
2-0: Ball
3-0: Called Strike
3-1: Called Strike
3-2: Base on Balls
Batting: RHB Matt Sherard 0-0: Foul Ball, location: 2F
0-1: Ball
1-1: Ball
2-1: Fielders Choice at 2nd, 6-4 (Groundball, 6, EV 81.2 MPH)
Top of the 3rd over - 0 runs, 0 hits, 0 errors, 1 left on base; Midland 1 - Jackson 1
BOTTOM OF THE 3RD
Jackson Generals batting - Pitching for Midland RockHounds : RHP Mike Staus
Batting: LHB Brent Dutcher 0-0: Ball
1-0: Called Strike
1-1: Ground out 6-3 (Groundball, 4M, EV 101.9 MPH)
Batting: LHB Matt Hepburn 0-0: Ground out 1-3 (Groundball, 34S, EV 71.2 MPH)
Batting: LHB Addisu Nyamekye 0-0: Called Strike
0-1: Ball
1-1: Ball
2-1: Foul Ball, location: 2F
2-2: Foul Ball, location: 2F
2-2: Strikes out swinging
Bottom of the 3rd over - 0 runs, 0 hits, 0 errors, 0 left on base; Midland 1 - Jackson 1
TOP OF THE 4TH
Midland RockHounds batting - Pitching for Jackson Generals : RHP Francisco Castillo
Batting: LHB Alan Bianchard 0-0: Ball
1-0: Ball
2-0: Foul Ball, location: 2F
2-1: Foul Ball, location: 2F
2-2: Ball
3-2: Foul Ball, location: 2F
3-2: Strikes out swinging
Batting: LHB Jeremy Brammer 0-0: Ball
1-0: Foul Ball, location: 2F
1-1: Called Strike
1-2: Foul Ball, location: 2F
1-2: Strikes out swinging
Batting: LHB Robert Wilkins 0-0: Ball
1-0: Ball
2-0: Foul Ball, location: 2F
2-1: Ball
3-1: Fly out, F5 (Line Drive, 5L, EV 66.2 MPH)
Top of the 4th over - 0 runs, 0 hits, 0 errors, 0 left on base; Midland 1 - Jackson 1
BOTTOM OF THE 4TH
Jackson Generals batting - Pitching for Midland RockHounds : RHP Mike Staus
Batting: RHB Enrique Valdez 0-0: Called Strike
0-1: Ball
1-1: Ball
2-1: Foul Ball, location: 2F
2-2: Ball
3-2: Foul Ball, location: 2F
3-2: Foul Ball, location: 2F
3-2: Foul Ball, location: 2F
3-2: Foul Ball, location: 2F
3-2: Foul Ball, location: 2F
3-2: Base on Balls
Batting: RHB Kinzo Yokoyama 0-0: Ball
1-0: Foul Ball, location: 2F
1-1: Swinging Strike
1-2: DOUBLE (Groundball, 5L, EV 106.2 MPH)
Enrique Valdez to third
Batting: LHB Jason Kinney 0-0: Ball
1-0: SINGLE (Groundball, 34D, EV 102.5 MPH)
Enrique Valdez scores
Kinzo Yokoyama to third
Batting: RHB Jose Zuniga 0-0: Called Strike
0-1: Called Strike
0-2: Fly out, F9 (Flyball, 9, EV 90.0 MPH)
Batting: RHB Chris Olheiser 0-0: Ball
1-0: Called Strike
1-1: Called Strike
1-2: Grounds into double play, 5-4-3 (Groundball, 56, EV 87.5 MPH)
Bottom of the 4th over - 1 run, 2 hits, 0 errors, 1 left on base; Midland 1 - Jackson 2
TOP OF THE 5TH
Midland RockHounds batting - Pitching for Jackson Generals : RHP Francisco Castillo
Batting: RHB Larry Clark 0-0: Called Strike
0-1: Ball
1-1: Foul Ball, location: 2F
1-2: Strikes out swinging, 2-3 out at first.
Batting: RHB Chris Bohm 0-0: Foul Ball, location: 2F
0-1: Ground out U3 (Groundball, 34, EV 84.4 MPH)
Batting: LHB Tom Raupp 0-0: Ball
1-0: DOUBLE (Line Drive, 9LM, EV 103.8 MPH)
Batting: RHB Don Burt 0-0: Ball
1-0: Ball
2-0: Called Strike
2-1: Called Strike
2-2: Foul Ball, location: 2F
2-2: Strikes out swinging
Top of the 5th over - 0 runs, 1 hit, 0 errors, 1 left on base; Midland 1 - Jackson 2
BOTTOM OF THE 5TH
Jackson Generals batting - Pitching for Midland RockHounds : RHP Mike Staus
Batting: RHB Ryan Criollo 0-0: Ball
1-0: Swinging Strike
1-1: Ball
2-1: Foul Ball, location: 2F
2-2: Ball
3-2: Ground out 5-3 (Groundball, 56S, EV 91.9 MPH)
Batting: LHB Brent Dutcher 0-0: Called Strike
0-1: Foul Ball, location: 2F
0-2: Strikes out looking
Batting: LHB Matt Hepburn 0-0: Ball
1-0: Ground out 3-1 (Groundball, 34S, EV 82.5 MPH)
Bottom of the 5th over - 0 runs, 0 hits, 0 errors, 0 left on base; Midland 1 - Jackson 2
TOP OF THE 6TH
Midland RockHounds batting - Pitching for Jackson Generals : RHP Francisco Castillo
Batting: RHB Sean Gould 0-0: Called Strike
0-1: Ground out 4-3 (Groundball, 4, EV 79.4 MPH)
Batting: RHB Matt Sherard 0-0: Ball
1-0: Called Strike
1-1: Ball
2-1: Fly out, F9 (Line Drive, 9, EV 92.5 MPH)
Batting: LHB Alan Bianchard 0-0: Ball
1-0: Foul Ball, location: 2F
1-1: Ball
2-1: Foul Ball, location: 2F
2-2: Hit by Pitch
Batting: LHB Jeremy Brammer 0-0: Ball
1-0: Ball
2-0: Fly out, F8 (Flyball, 8LM, EV 73.1 MPH)
Top of the 6th over - 0 runs, 0 hits, 0 errors, 1 left on base; Midland 1 - Jackson 2
BOTTOM OF THE 6TH
Jackson Generals batting - Pitching for Midland RockHounds : RHP Mike Staus
Batting: LHB Addisu Nyamekye 0-0: Called Strike
0-1: Foul Ball, location: 2F
0-2: Ball
1-2: Ground out 4-3 (Groundball, 4, EV 91.2 MPH)
Batting: RHB Enrique Valdez 0-0: Ball
1-0: Ground out 5-3 (Groundball, 56S, EV 63.8 MPH)
Batting: RHB Kinzo Yokoyama 0-0: Ball
1-0: Called Strike
1-1: Ball
2-1: Foul Ball, location: 2F
2-2: Strikes out swinging
Bottom of the 6th over - 0 runs, 0 hits, 0 errors, 0 left on base; Midland 1 - Jackson 2
TOP OF THE 7TH
Midland RockHounds batting - Pitching for Jackson Generals : RHP Francisco Castillo
Batting: LHB Robert Wilkins 0-0: Ball
1-0: Ball
2-0: Ground out 4-3 (Groundball, 34D, EV 97.5 MPH)
Batting: RHB Larry Clark 0-0: Ball
1-0: Swinging Strike
1-1: Foul Ball, location: 2F
1-2: Ball
2-2: Strikes out swinging
Batting: RHB Chris Bohm 0-0: Called Strike
0-1: Ball
1-1: Foul Ball, location: 2F
1-2: SINGLE (Line Drive, 78S, EV 108.1 MPH)
Pitching: RHP Kyle Wood
Batting: LHB Tom Raupp 0-0: Foul Ball, location: 2F
0-1: Called Strike
0-2: Strikes out swinging
Top of the 7th over - 0 runs, 1 hit, 0 errors, 1 left on base; Midland 1 - Jackson 2
BOTTOM OF THE 7TH
Jackson Generals batting - Pitching for Midland RockHounds : RHP Mike Staus
Pitching: RHP Chad Casey
Batting: LHB Jason Kinney 0-0: Ball
1-0: Called Strike
1-1: Foul Ball, location: 2F
1-2: Strikes out looking
Batting: RHB Jose Zuniga 0-0: Ball
1-0: Foul Ball, location: 2F
1-1: Ball
2-1: Ball
3-1: Base on Balls
Batting: RHB Chris Olheiser 0-0: Swinging Strike
0-1: Swinging Strike
0-2: Foul Ball, location: 2F
0-2: Ball
1-2: Ball
2-2: Foul Ball, location: 2F
2-2: Foul Ball, location: 2F
2-2: Foul Ball, location: 2F
2-2: Strikes out swinging
Batting: RHB Ryan Criollo 0-0: Ball
1-0: Ground out 4-3 (Groundball, 4, EV 85.6 MPH)
Bottom of the 7th over - 0 runs, 0 hits, 0 errors, 1 left on base; Midland 1 - Jackson 2
TOP OF THE 8TH
Midland RockHounds batting - Pitching for Jackson Generals : RHP Kyle Wood
Batting: RHB Don Burt 0-0: Ball
1-0: Foul Ball, location: 2F
1-1: Fly out, F8 (Flyball, 8RD, EV 83.1 MPH)
Batting: RHB Sean Gould 0-0: Ball
1-0: Ball
2-0: Ball
3-0: Called Strike
3-1: Base on Balls
Batting: RHB Matt Sherard 0-0: Ball
1-0: SINGLE (Groundball, 6MD, EV 110.0 MPH)
Sean Gould to second
Runner from 2nd tries for 3rd, SAFE, no throw by CF
Batting: LHB Alan Bianchard 0-0: Ball
1-0: Ball
2-0: Fly out, F5 (Popup, 56S, EV 63.1 MPH)
Batting: LHB Jeremy Brammer 0-0: Called Strike
0-1: Ball
1-1: Ball
2-1: Called Strike
2-2: Foul Ball, location: 2F
2-2: Ball
3-2: Fly out, F7 (Flyball, 7, EV 82.5 MPH)
Top of the 8th over - 0 runs, 1 hit, 0 errors, 2 left on base; Midland 1 - Jackson 2
BOTTOM OF THE 8TH
Jackson Generals batting - Pitching for Midland RockHounds : RHP Chad Casey
Pitching: LHP Alex Villagran
Batting: LHB Brent Dutcher 0-0: Ball
1-0: Ball
2-0: Ball
3-0: Base on Balls
Batting: LHB Matt Hepburn 0-0: Bunt missed!
0-1: Ball
Brent Dutcher steals 2nd base
1-1: Bunted foul
1-2: Fly out, F8 (Flyball, 78M, EV 93.8 MPH)
Batting: LHB Addisu Nyamekye 0-0: Ball
1-0: Ground out 6-3 (Groundball, 6, EV 99.4 MPH)
Batting: RHB Enrique Valdez 0-0: Ball
1-0: Foul Ball, location: 2F
1-1: Ball
2-1: Called Strike
2-2: Foul Ball, location: 2F
2-2: Foul Ball, location: 2F
2-2: 2-RUN HOME RUN (Flyball, 7D, EV 103.8 MPH), Distance : 391 ft
Batting: RHB Kinzo Yokoyama 0-0: Called Strike
0-1: Foul Ball, location: 2F
0-2: Ball
1-2: Foul Ball, location: 2F
1-2: Foul Ball, location: 2F
1-2: Fly out, F9 (Flyball, 9S, EV 91.9 MPH)
Bottom of the 8th over - 2 runs, 1 hit, 0 errors, 0 left on base; Midland 1 - Jackson 4
TOP OF THE 9TH
Midland RockHounds batting - Pitching for Jackson Generals : RHP Kyle Wood
Pitching: RHP Dave Williams
Batting: LHB Robert Wilkins 0-0: Ball
1-0: Ground out 5-3 (Groundball, 56, EV 110.6 MPH)
Batting: RHB Larry Clark 0-0: Ball
1-0: SOLO HOME RUN (Flyball, 7LD, EV 95.6 MPH), Distance : 366 ft
Batting: RHB Chris Bohm 0-0: Called Strike
0-1: Ball
1-1: SINGLE (Groundball, 56D, EV 101.9 MPH)
Batting: LHB Tom Raupp 0-0: Ball
1-0: Ball
2-0: Ball
3-0: Fly out, F9 (Flyball, 89M, EV 82.5 MPH)
Batting: RHB Don Burt 0-0: Ball
1-0: Ball
2-0: DOUBLE (Flyball, 8LXD, EV 111.9 MPH)
Chris Bohm to third
Batting: RHB Sean Gould 0-0: Foul Ball, location: 2F
0-1: Swinging Strike
0-2: Hit by Pitch
Batting: RHB Matt Sherard 0-0: Called Strike
0-1: Ground out 3-1 (Groundball, 34, EV 100.6 MPH)
Top of the 9th over - 1 run, 3 hits, 0 errors, 3 left on base; Midland 2 - Jackson 4
Sunday, July 16th , 2023 - OOTP Baseball 24.6 Build 69